 Dungeon Crawl Stone Soup version 0.29-a0-321-gf1c400731a (webtiles) character file.

Game seed: 16614628569389071698

6950 sizableburger the Cleaver (level 10, -4/60 HPs)
             Began as a Deep Elf Fighter on Apr 3, 2022.
             Was a Believer of Okawaru.
             Shot with an arrow by a centaur (13 damage)
             ... on level 10 of the Dungeon.
             The game lasted 00:26:53 (13052 turns).

sizableburger the Cleaver (Deep Elf Fighter)       Turns: 13052, Time: 00:26:54

Health: -4/60      AC: 19    Str: 23    XL:     10   Next: 80%
Magic:  14/14      EV:  9    Int: 14    God:    Okawaru [**....]
Gold:   488        SH:  0    Dex: 14    Spells: 9/9 levels left

rFire   . . .      SeeInvis .   G - +3 battleaxe
rCold   . . .      Faith    +   (shield currently unavailable)
rNeg    . . .      Spirit   .   A - +0 chain mail
rPois   .          Reflect  .   j - +0 helmet
rElec   .          Harm     .   r - +2 cloak
rCorr   .          Rampage  .   i - +1 pair of gloves
Will    +....                   g - +2 pair of boots
Stlth   ..........              q - amulet of faith
HPRegen 0.20/turn               u - +6 ring of strength
MPRegen 0.14/turn               f - +4 ring of slaying

@: no status effects
A: no striking features
a: Renounce Religion, Heroism


You were on level 10 of the Dungeon.
You worshipped Okawaru.
Okawaru was pleased with you.
You visited 2 branches of the dungeon, and saw 11 of its levels.
You also visited: Sewer.

You collected 488 gold pieces.

Inventory:

Hand Weapons
 b - a +0 broad axe
 G - a +3 battleaxe (weapon)
Missiles
 v - 36 poisoned darts (quivered)
 y - 2 javelins
 C - 4 boomerangs
Armour
 a - a +0 plate armour
 c - a +0 buckler
 g - a +2 pair of boots (worn)
 i - a +1 pair of gloves (worn)
 j - a +0 helmet (worn)
 r - a +2 cloak (worn)
 A - a +0 chain mail (worn)
Jewellery
 f - a +4 ring of slaying (right hand)
 n - an amulet of reflection
 q - an amulet of faith (around neck)
 u - a +6 ring of strength (left hand)
 w - a +6 ring of strength
 x - a ring of resist corrosion
 F - a ring of protection from fire
Wands
 m - a wand of iceblast (17)
 H - a wand of polymorph (6)
Scrolls
 l - 7 scrolls of vulnerability
 z - 3 scrolls of teleportation
 D - 3 scrolls of identify
Potions
 e - 2 potions of cancellation
 h - 2 potions of resistance
 k - a potion of brilliance
 o - 3 potions of haste
 p - 2 potions of attraction
 s - 2 potions of ambrosia
 t - a potion of flight
 B - a potion of curing {unknown}
 E - a potion of magic {unknown}
 I - a potion of degeneration {unknown}


   Skills:
 - Level 6.0 Fighting
 + Level 11.8 Axes
 - Level 4.1 Armour
 - Level 3.5 Dodging
 - Level 2.4 Shields
 + Level 3.9 Invocations


You had 9 spell levels left.
You didn't know any spells.
Your spell library contained the following spells:

 Spells                   Type           Power      Damage    Failure   Level
 Ozocubu's Armour         Ice            0%         N/A       100%        3
 Ozocubu's Refrigeration  Ice            0%         4d5       100%        7


Dungeon Overview and Level Annotations

Branches:
Dungeon (10/15)            Temple (1/1) D:7           Sewer (visited)
   Lair: D:8-11         Orc: D:9-12

Altars:
Cheibriados
Dithmenos
Elyvilon
Fedhas
Gozag
Hepliaklqana
Kikubaaqudgha
Makhleb
Nemelex Xobeh
Okawaru
Qazlal
Ru
Sif Muna
Trog
Uskayaw
Vehumet
Wu Jian
Xom
Yredelemnul
Zin
The Shining One

Portals:
Trove: D:10 (give +3 gold dragon scales)

Annotations:
D:9 3 runed translucent doors


Message History

Unknown command.
You feel much better.
The orc knight hits you with a +0 war axe!!
You slash the orc knight!
You kill the orc knight!
Okawaru is honoured by your kill.
Unknown command.
You feel like a meek peon again.
Things that are here:
a +0 war axe; a +0 plate armour You start resting.
Magic restored.
a - a +0 plate armour
Things that are here:
a +0 flail; a +0 leather armour; an orc corpse You start resting.
A centaur comes into view.
Okay, then.
The centaur shouts!
The centaur wields a +1 shortbow of freezing.
It is covered in frost.
The centaur shoots an arrow.
The arrow hits you! The arrow freezes you.
The centaur shoots an arrow.
The arrow hits you. The arrow freezes you.
The centaur shoots an arrow.
The arrow barely misses you.
The centaur shoots an arrow.
The arrow hits you.
* * * LOW HITPOINT WARNING * * *
The arrow freezes you.
* * * LOW HITPOINT WARNING * * *
Unknown command.
Okay, then.
Okay, then.
Aiming: Polymorph
Press: ? - help, Shift-Dir - straight line, f - centaur
Aim: a centaur, wielding a +1 shortbow of freezing (will become a steam dragon, a scorpion, or a goblin, chance to affect: 49%)
The centaur resists with some effort.
The centaur shoots an arrow.
The arrow hits you.
* * * LOW HITPOINT WARNING * * *
The arrow freezes you.
* * * LOW HITPOINT WARNING * * *
The centaur shoots an arrow.
The arrow hits you!
You die...

..................
...........)#####..
....................
....................
<..................# ...
#...................#
.....#.........).........#
.....#..........).)......#
...........c...@.........#
..............##################
.............#.................
.............#.................
#######....[.....................
#.....#..###....###..............
#.......#...#..#...#.............
#.......#.⌠.#..#.⌠.#.............
#.....#.#...#≈≈#...#...######....


You could see a centaur.

Vanquished Creatures
  An orc knight (D:10)
  A hornet (D:8)
  3 trolls
  Sigmund (D:3)
  A shadow (D:9)
  6 yaks (D:6)
  2 steam dragons (D:8)
  2 vampire mosquitoes (D:10)
  3 water moccasins
  2 ice beasts (D:6)
  A sky beast (D:6)
  4 orc warriors
  An ogre (D:5)
  A black bear (D:4)
  3 centaurs (D:7)
  2 phantoms
  6 kobold brigands
  4 bullfrogs
  3 necrophages
  4 scorpions
  12 wights
  An electric eel (D:10)
  4 howler monkeys
  A jelly (D:6)
  A hound (D:5)
  3 orc priests
  An iguana (D:5)
  Jessica (D:2)
  4 orc wizards
  Robin (D:3)
  13 adders
  3 river rats (Sewer)
  An ufetubus (D:5)
  A worm (D:5)
  2 dart slugs
  31 orcs
  6 endoplasms
  A giant cockroach (D:3)
  12 goblins
  7 hobgoblins
  6 jackals
  3 quokkas
  6 ball pythons
  4 bats
  6 frilled lizards
  23 kobolds
  6 rats
211 creatures vanquished.

Vanquished Creatures (others)
  22 plants
22 creatures vanquished.

Grand Total: 233 creatures vanquished

Notes
Turn   | Place    | Note
-------+----------+-------------------------------------------
     0 | D:1      | sizableburger the Deep Elf Fighter began the quest for the
                  | Orb.
     0 | D:1      | Reached XP level 1. HP: 13/13 MP: 3/3
   327 | D:1      | Reached XP level 2. HP: 11/18 MP: 4/4
   461 | D:1      | Reached skill level 2 in Axes
   591 | D:1      | Found a faded altar of an unknown god.
  1624 | D:2      | Noticed Jessica
  1637 | D:2      | Killed Jessica
  1638 | D:2      | Reached XP level 3. HP: 20/23 MP: 5/5
  2399 | D:2      | Reached skill level 1 in Dodging
  2399 | D:2      | Reached XP level 4. HP: 25/28 MP: 6/6
  2530 | D:3      | Noticed Sigmund
  3128 | D:3      | Noticed Robin
  3157 | D:3      | Killed Robin
  3158 | D:3      | Reached skill level 3 in Axes
  3467 | D:4      | Noticed a black bear
  3478 | D:4      | Killed a black bear
  3479 | D:4      | Reached XP level 5. HP: 31/32 MP: 7/7
  3720 | D:4      | Reached skill level 4 in Axes
  3829 | D:3      | Killed Sigmund
  3830 | D:3      | Reached skill level 5 in Axes
  3830 | D:3      | Reached XP level 6. HP: 23/37 MP: 8/8
  4566 | D:4      | Found a hazy altar of Hepliaklqana.
  4602 | D:4      | Found a stormy altar of Qazlal.
  4714 | D:4      | Reached XP level 7. HP: 39/41 MP: 9/9
  5036 | D:5      | Entered Level 5 of the Dungeon
  5081 | D:5      | Reached skill level 6 in Axes
  5321 | D:5      | Reached skill level 7 in Axes
  5339 | D:5      | Reached XP level 8. HP: 46/46 MP: 10/10
  5482 | D:5      | Found a glowing drain.
  5492 | Sewer    | Entered a sewer
  5748 | Sewer    | Reached skill level 8 in Axes
  7348 | D:6      | Reached skill level 9 in Axes
  7348 | D:6      | Reached XP level 9. HP: 41/52 MP: 11/11
  7766 | D:6      | Reached skill level 5 in Fighting
  9144 | D:7      | Reached skill level 10 in Axes
  9275 | D:7      | Reached XP level 10. HP: 53/60 MP: 12/12
  9383 | D:7      | Found a staircase to the Ecumenical Temple.
  9414 | Temple   | Entered the Ecumenical Temple
  9760 | Temple   | Became a worshipper of Warmaster Okawaru
 11126 | D:9      | Reached * piety under Okawaru
 11268 | D:9      | Reached skill level 11 in Axes
 11292 | D:9      | Found a runed translucent gate.
 11293 | D:9      | Found a runed translucent gate.
 11293 | D:9      | Found a runed translucent gate.
 11293 | D:9      | Noticed a glowing orange brain
 11295 | D:9      | Noticed a cyan ugly thing
 11295 | D:9      | Noticed a green ugly thing
 11296 | D:9      | Noticed a purple ugly thing
 11299 | D:9      | Noticed a purple ugly thing
 12245 | D:9      | Noticed an alligator
 12250 | D:9      | Noticed an ice dragon
 12250 | D:9      | an alligator changed into an ice dragon
 12251 | D:9      | Noticed an alligator
 12251 | D:9      | an ice dragon changed into an alligator
 12256 | D:9      | Noticed a radroach
 12256 | D:9      | an alligator changed into a radroach
 12257 | D:9      | Noticed a wolf spider
 12257 | D:9      | a radroach changed into a wolf spider
 12260 | D:9      | Noticed a radroach
 12260 | D:9      | a wolf spider changed into a radroach
 12361 | D:10     | Entered Level 10 of the Dungeon
 12373 | D:10     | Reached skill level 1 in Invocations
 12582 | D:10     | Found a portal to a secret trove of treasure.
 12680 | D:10     | Reached ** piety under Okawaru
 12989 | D:10     | Noticed an orc knight
 13003 | D:10     | Killed an orc knight
 13052 | D:10     | Shot with an arrow by a centaur

Illustrated notes

Levels and vault maps discovered:
D:1:      eino_arrival_druids_welcome, layout_loops_ring,
          ebering_ecumenical_altar_sacrificial, nrook_mini_vaults,
          minmay_indecisive_spiral
D:2:      layout_basic, uniq_jessica
D:3:      layout_basic, kennysheep_generic_room_14, uniq_terence, uniq_sigmund,
          uniq_robin
D:4:      minmay_chambers_of_fours, layout_basic, mainiacjoe_overflow_two_lobes
D:5:      layout_loops_ring, cheibrodos_sewer_entry_drain
D:6:      layout_basic
D:7:      layout_basic, minmay_temple_entry_mist
D:8:      layout_loops_corners
D:9:      layout_cave_pools, ploomutoo_gammafunk_ghost_potion_laboratory
D:10:     layout_grid_maze, dpeg_oklobed_lair, orc_david_3, enter_trove_0,
          grunt_ministairs_2, fountainhead, nicolae_figureground_pulse
Temple:   mainiacjoe_temple_big_plus

Skill      XL: |  1  2  3  4  5  6  7  8  9 10 |
---------------+-------------------------------+-----
Axes           | 2 3 5 7 9 10 11 | 11.8
Fighting       | 3 4 6 |  6.0
Dodging        | 1 3 |  3.5
Armour         | 4 |  4.1
Invocations    | 3 |  3.9
Shields        | |  2.4

Action                   |  1- 3 |  4- 6 |  7- 9 | 10-12 || total
-------------------------+-------+-------+-------+-------++-------
Melee: War axe           |    71 |   149 |   289 |       ||   509
       Quarterstaff      |    39 |       |       |       ||    39
       Broad axe         |       |       |    52 |    60 ||   112
       Battleaxe         |       |       |       |    84 ||    84
Throw: Stone             |    10 |     5 |       |       ||    15
       Dart              |       |       |     3 |    14 ||    17
Invok: Heroism           |       |       |       |     3 ||     3
Evoke: Wand              |       |       |       |     1 ||     1
  Use: Scroll            |       |    12 |     5 |     1 ||    18
       Potion            |       |     1 |     8 |     2 ||    11
Armor: Scale mail        |    70 |    98 |    95 |       ||   263
       Skin              |       |       |    19 |       ||    19
       Chain mail        |       |       |    70 |    84 ||   154
Dodge: Dodged            |    40 |    56 |   125 |    84 ||   305
Block: Buckler           |    18 |    25 |    90 |    15 ||   148
       Reflection        |       |       |     1 |       ||     1

Table legend: (Time is in decaauts)
 A = Elapsed time spent in this place.
 B = Non-inter-level travel time spent in this place.
 C = Inter-level travel time spent in this place.
 D = Time resting spent in this place.
 E = Time spent auto-exploring this place.
 F = Levels seen in this place.
 G = Mean time per level.
                   A        B        C        D        E       F      G
               +--------+--------+--------+--------+--------+-----+--------+
         Total |  13412 |  12242 |   1170 |   3183 |   6701 |  12 | 1117.7 |
       Dungeon |  11467 |  10410 |   1057 |   2722 |   5819 |  10 | 1146.7 |
        Temple |    398 |    285 |    113 |      0 |    265 |   1 |  398.0 |
         Sewer |   1546 |   1546 |      0 |    461 |    617 |   1 | 1546.0 |
               +--------+--------+--------+--------+--------+-----+--------+

Top non-repeatable levels by time:
     D:4: 1551 daAuts
   Sewer: 1546 daAuts
     D:1: 1411 daAuts
     D:2: 1359 daAuts
     D:8: 1317 daAuts
     D:6: 1262 daAuts
     D:5: 1219 daAuts
     D:9: 1008 daAuts
     D:3: 909 daAuts
     D:7: 732 daAuts
    D:10: 695 daAuts
  Temple: 398 daAuts
